 Dungeon Sprint DCSS version 0.28-a0-313-gbc0475efdd (webtiles) character file.

Game seed: 11572316862701609781

0 Ankalagon the Shield-Bearer (level 1, 0/14 HPs)
             Began as a Gargoyle Fighter on Aug 31, 2021.
             Slain by a merfolk siren (14 damage)
             ... in the Dungeon (Sprint II: "The Violet Keep of Menkaure").
             The game lasted 00:00:07 (10 turns).

Ankalagon the Shield-Bearer (Gargoyle Fighter)        Turns: 10, Time: 00:00:08

Health: 0/14       AC:  9    Str: 19    XL:     1   Next: 0%
Magic:  1/1        EV:  7    Int:  8    God:
Gold:   0          SH:  7    Dex:  9    Spells: 0/0 levels left

rFire   . . .      SeeInvis .   a - +0 flail
rCold   . . .      Faith    .   c - +0 kite shield
rNeg    + . .      Spirit   .   b - +0 scale mail
rPois   ∞          Reflect  .   (no helmet)
rElec   +          Harm     .   (no cloak)
rCorr   .          Rampage  .   (no gloves)
Will    .....      NoTele   +   (no boots)
Stlth   ..........              (no amulet)
HPRegen 0.04/turn               (no ring)
MPRegen 0.07/turn               (no ring)

@: mesmerised
A: sickness immunity, AC +2, negative energy resistance 1, electricity
resistance, torment resistance 1, petrification resistance
a: no special abilities


You were in the Dungeon.
You visited 1 branch

Inventory:

Hand Weapons
 a - a +0 flail (weapon)
Armour
 b - a +0 scale mail (worn)
 c - a +0 kite shield (worn)
Scrolls
 j - a scroll of blinking
Potions
 d - a potion of might
 e - a potion of curing
 f - a potion of heal wounds
 g - a potion of haste
 h - 2 potions of magic
 i - a potion of berserk rage


   Skills:
 + Level 3.2 Fighting
 + Level 2.0 Maces & Flails
 - Level 3.2 Armour
 + Level 3.2 Shields


You couldn't memorise any spells.
You didn't know any spells.
Your spell library was empty.

Dungeon Overview and Level Annotations

Branches:
Dungeon (1/1)

Altars:


Innate Abilities, Weirdness & Mutations

You are immune to sickness and miasma.
Your stone body is resilient. (AC +2)
You are immune to poison.
You resist negative energy. (rN+)
You are resistant to electric shocks. (rElec)
You are resistant to unholy torment.
You are immune to petrification.


Message History

Welcome, Ankalagon the Gargoyle Fighter.
Press ? for a list of commands and other information.
Found a staircase leading out of the dungeon.
You open the door.
A merfolk siren comes into view. It is wielding a +0 spear.
The merfolk siren shouts!
Found 243 gold pieces.
The merfolk siren hits you but does no damage.
There is an open door here.
You hit the merfolk siren.
The merfolk siren is lightly wounded.
The merfolk siren chants a haunting song.
You are mesmerised by the merfolk siren!
You sock the merfolk siren!
The merfolk siren is moderately wounded.
The merfolk siren chants its luring song. x2
You closely miss the merfolk siren.
The merfolk siren is moderately wounded.
The merfolk siren barely misses you.
You closely miss the merfolk siren.
The merfolk siren is moderately wounded.
The merfolk siren chants its luring song. x2
You closely miss the merfolk siren.
The merfolk siren is moderately wounded.
The merfolk siren chants its luring song.
You hit the merfolk siren.
The merfolk siren is moderately wounded.
The merfolk siren chants its luring song. x2
Your shield prevents you from hitting the merfolk siren.
The merfolk siren is moderately wounded.
The merfolk siren chants its luring song.
You closely miss the merfolk siren.
The merfolk siren is moderately wounded.
The merfolk siren chants its luring song.
The merfolk siren hits you with a +0 spear!
Ouch! That really hurt!
You die...

## ##
##. .##
#..#..#
#.m.#
#@#
##.##
+.<.+
##.##
#+#


You could see a merfolk siren (mesmerising).

Vanquished Creatures (others)
  Menkaure (D)
1 creature vanquished.

Notes
Turn   | Place    | Note
-------+----------+-------------------------------------------
     0 | D        | Ankalagon the Gargoyle Fighter began the quest for the Orb.
     0 | D        | Reached XP level 1. HP: 14/14 MP: 1/1
     1 | D        | Noticed a merfolk siren
     4 | D        | Killed Menkaure
    10 | D        | Slain by a merfolk siren

Illustrated notes

Levels and vault maps discovered:
D:        the_violet_keep_of_menkaure [sprint2_stairs_cluster_1,
          sprint2_shoproom, sprint2_temple, sprint2_basic_supplies,
          sprint2_obstacle_4, sprint2_obstacle_1, sprint2_obstacle_5,
          sprint2_obstacle_3, sprint2_obstacle_6, sprint2_timed_cluster_1,
          sprint2_smallroom_cluster_1, sprint2_smallroom_final_cluster_1,
          sprint2_transparent_cluster_1, sprint2_second_timed_cluster_1,
          sprint2_sniper_area_1, sprint2_heavy_combat_area_1,
          sprint2_mutation_trap_area_1, sprint2_forest_area_1,
          sprint2_light_combat_area_1, sprint2_behind_water_1,
          sprint2_near_end_vault_1]

Action                   || total
-------------------------++-------
Melee: Flail             ||     8
Armor: Scale mail        ||     1
Dodge: Dodged            ||     1

Table legend: (Time is in decaauts)
 A = Elapsed time spent in this place.
 B = Non-inter-level travel time spent in this place.
 C = Inter-level travel time spent in this place.
 D = Time resting spent in this place.
 E = Time spent auto-exploring this place.
 F = Levels seen in this place.
 G = Mean time per level.
                   A        B        C        D        E       F      G
               +--------+--------+--------+--------+--------+-----+--------+
         Total |     13 |     13 |      0 |      0 |      0 |   1 |   13.0 |
       Dungeon |     13 |     13 |      0 |      0 |      0 |   1 |   13.0 |
               +--------+--------+--------+--------+--------+-----+--------+

Top non-repeatable levels by time:
       D: 13 daAuts
